 Seeded DCSS version 0.30.1-11-g7821555f0a (webtiles) character file.

Game seed: 430007637681659361 (custom seed)

42 strifetoe the Insei (level 3, -5/40 HPs)
             Began as a Djinni Transmuter on Nov 9, 2023.
             Slain by Terence
             ... wielding a +0 hand axe of electrocution
              (16 damage)
             ... on level 2 of the Dungeon.
             The game lasted 00:02:41 (836 turns).

strifetoe the Insei (Djinni Transmuter)              Turns: 836, Time: 00:02:42

Health: -5/40      AC: 21    Str:  9    XL:     3   Next: 80%
Gold:   50         EV:  2    Int: 16    God:
                   SH:  0    Dex: 13

rFire   . . .        k - +1 whip (elec)
rCold   . . .        (no shield)
rNeg    . . .        a - melded +0 robe
rPois   ∞            (helmet currently unavailable)
rElec   .            (cloak currently unavailable)
rCorr   .            (gloves currently unavailable)
SInv    .            (boots unavailable)
Will    .....        (no amulet)
Stlth   +            (no ring)
HPRegen 0.26/turn    (no ring)
MPRegen 0.00/turn

%: infuse magic (-6 HP)
@: confused, tree-form, ambrosia-drunk
A: stationary, stasis, torment immunity, boosted hp, sickness immunity, (fire
resistance 2), (cold vulnerability 1), float, innate caster, HP casting, extra
vitality 1
a: no special abilities


You were on level 2 of the Dungeon.
You were a tree.
You visited 1 branch of the dungeon, and saw 2 of its levels.

You collected 50 gold pieces.

Inventory:

Hand Weapons
 h - a +3 war axe
 k - a +1 whip of electrocution (weapon)
Armour
 a - a +0 robe (melded)
Scrolls
 d - a scroll of fear {unknown}
 e - 2 scrolls of noise {unknown}
 f - a scroll of brand weapon {unknown}
 g - a scroll of vulnerability {unknown}
 j - a scroll of identify {unknown}
Potions
 i - a potion of curing {unknown}
 l - a potion of cancellation {unknown}


   Skills:
 - Level 1.0 Fighting
 - Level 2.1 Dodging
 - Level 4.1 Unarmed Combat
 + Level 2.0 Spellcasting


You knew the following spells:

 Your Spells              Type           Power      Damage    Failure   Level
a - Beastly Appendage     Tmut           16%        N/A       9%          1
b - Wereblood             Tmut           8%         N/A       14%         2
c - Spider Form           Tmut/Pois      8%         N/A       26%         3
d - Ice Form              Ice/Tmut       8%         N/A       65%         4
e - Summon Small Mammal   Summ           32%        N/A       9%          1
Your spell library was empty.

Dungeon Overview and Level Annotations

Branches:
Dungeon (2/15)

Altars:

Annotations:
D:2 Terence


Innate Abilities, Weirdness & Mutations

You are a tree.
Your roots penetrate the ground, keeping you stationary.
You cannot be teleported.
You are immune to unholy pain and torment.
Your maximum health is greatly increased.
Your equipment is partially melded.
You are immune to sickness and miasma.
You are immune to poison.
((Your flesh is very heat resistant. (rF++)))
((You are vulnerable to cold. (rC-)))
You float through the air rather than walking.
You learn spells naturally, not from books.
Your magical power is your life essence.
You have superior vitality. (+4 MHP)


Message History

Casting: Beastly Appendage (safe; 9% risk of failure)
Confirm with . or Enter, or press ? or * to list all spells.
You miscast Beastly Appendage.
You are very lightly contaminated with residual magic.
Nothing appears to happen.
Terence zaps a wand.
The puff of flame misses you.
Unknown command.
Sorry, you're not good enough to have a special ability.
You hit Terence but do no damage. Terence misses you.
Terence hits you with a +0 hand axe of electrocution.
Unknown command.
You barely miss Terence. Terence barely misses you.
You hit Terence.
Terence is lightly wounded.
Terence zaps a wand.
The puff of flame misses you.
You hit Terence but do no damage.
Terence is lightly wounded.
Terence barely misses you.
You hit Terence but do no damage. You punch Terence, but do no damage.
Terence is lightly wounded.
Terence hits you with a +0 hand axe of electrocution!
Unknown command.
You hit Terence.
Terence is lightly wounded.
Terence barely misses you.
Your magical contamination has completely faded away.
Really quaff the potion of lignification?
You turn into a tree.
Your +0 robe melds into your body.
Your roots penetrate the ground.
Terence zaps a wand.
The puff of flame hits you.
You hit Terence but do no damage.
Terence is lightly wounded.
Terence hits you with a +0 hand axe of electrocution.
You are electrocuted!
* * * LOW HITPOINT WARNING * * *
Unknown command.
It was a potion of ambrosia.
You are confused.
You feel invigorated. Terence hits you but does no damage.
You are electrocuted!
You die...

####
#####..##
#.....♣.#
#####.#####@#
#...†<# .#
#..##### .#
.. .# .# ..
..


You could see Terence.

Vanquished Creatures
  An adder (D:1)
  A dart slug (D:1)
  An endoplasm (D:1)
  4 giant cockroaches
  2 goblins (D:1)
  3 hobgoblins (D:1)
  2 quokkas (D:1)
  5 ball pythons (D:1)
  6 bats (D:1)
  A frilled lizard (D:1)
  A kobold (D:1)
  4 rats (D:1)
31 creatures vanquished.

Notes
Turn   | Place    | Note
-------+----------+-------------------------------------------
     0 | D:1      | strifetoe the Djinni Transmuter began the quest for the
                  | Orb.
     0 | D:1      | strifetoe set off with the following spells memorised:
                  | Beastly Appendage, Wereblood, Spider Form, Ice Form.
     0 | D:1      | Reached XP level 1. HP: 17/17 MP: 0/0
   109 | D:1      | Reached XP level 2. HP: 22/22 MP: 0/0
   416 | D:1      | Reached skill level 4 in Unarmed Combat
   416 | D:1      | Reached XP level 3. HP: 27/27 MP: 0/0
   416 | D:1      | Learned a level 1 spell: Summon Small Mammal
   766 | D:2      | Noticed Terence
   836 | D:2      | Slain by Terence

Illustrated notes

Levels and vault maps discovered:
D:1:      wander_arrival_chamber, layout_basic, kennysheep_boxes
D:2:      layout_rooms, dilly_ecumenical_altar_fadedgnrine, basic_altar,
          uniq_terence

Skill      XL: |  1  2  3 |
---------------+----------+-----
Unarmed Combat | 4 |  4.1
Spellcasting   | 2 |  2.0
Fighting       | |  1.0
Dodging        | |  2.1

Action                     || total
---------------------------++-------
  Melee: Unarmed           ||    50
         Headbutt          ||     8
         War axe           ||     9
         Punch             ||     3
         Whip              ||    31
   Cast: Beastly Appendage ||    13
    Use: Potion            ||     2
   Stab: Sleeping          ||     3
 Armour: Robe              ||    25
         Skin              ||     1
  Dodge: Dodged            ||    71
